 Dungeon Crawl Stone Soup version 0.31-a0-345-g1ebeae05c6 (webtiles) character file.

Game seed: 7255918767196945354

192942 Armakuni the Caregiver (level 18, 0/134 HPs)
             Began as a Human Artificer on July 10, 2023.
             Was a Believer of Elyvilon.
             Killed by the air
             ... invoked by a wind drake
              (8 damage)
             ... on level 4 of the Shoals on July 22, 2023.
             The game lasted 03:54:49 (31942 turns).

Armakuni the Caregiver (Human Artificer)           Turns: 31942, Time: 03:54:50

Health: 0/134      AC: 17    Str: 12    XL:     18   Next: 93%
Magic:  40/50      EV: 12    Int: 22    God:    Elyvilon [**....]
Gold:   309        SH:  8    Dex: 15    Spells: 14/37 levels left

rFire   + . .        a - staff of Propriety {rF+ rC+ Will++ rCorr Stlth- Ice}
rCold   . . .        t - +3 buckler {reflect}
rNeg    . . .        Q - +2 ring mail "Garaton" {MP+9}
rPois   +            p - +2 hat
rElec   +            e - scarf "Taqopn" {repulsion, Will+}
rCorr   +            d - +2 pair of gloves
SInv    .            B - +2 pair of boots
Will    ++++.        R - amulet of regeneration Stlth
                     D - ring of magical power
HPRegen 1.22/turn    I - ring "Oviaros" {rElec rC- rCorr Int+5}
MPRegen 0.32/turn

%: repel missiles, reflection
@: about to teleport
A: hooves 1, dopey 1, poison resistance, wild magic 1
}: 1/15 runes: serpentine
a: Renounce Religion, Purification, Heal Other


You were on level 4 of the Shoals.
You worshipped Elyvilon.
Elyvilon was pleased with you.
You visited 6 branches of the dungeon, and saw 31 of its levels.
You also visited: Bailey and Ice Cave.

You collected 2987 gold pieces.
You spent 2678 gold pieces at shops.

Inventory:

Missiles
 f - 7 throwing nets
Armour
 d - a +2 pair of gloves (worn)
 e - the scarf "Taqopn" (worn) {repulsion, Will+}
   (You acquired it on level 8 of the Dungeon)

   Will:      It increases your willpower.
 j - the +4 ring mail "Cyqeotur" {rC- rCorr Int+6}
   (You bought it in a shop on level 3 of the Shoals)

   Int:       It affects your intelligence (+6).
   rC:        It makes you vulnerable to cold.
   rCorr:     It protects you from acid and corrosion.
 p - a +2 hat (worn)
 t - a +3 buckler of reflection (worn)
 B - a +2 pair of boots (worn)
 Q - the +2 ring mail "Garaton" (worn) {MP+9}
   (You found it on level 9 of the Dungeon)

   MP:        It affects your magic capacity (+9).
Magical Staves
 a - the staff of Propriety (weapon) {rF+ rC+ Will++ rCorr Stlth- Ice}
   (You acquired it in a bailey)

   [staff of cold]

   Base accuracy: +5 Base damage: 5 Base attack delay: 1.2 This weapon's minimum
   attack delay (0.6) is reached at skill level 12.
   rF:        It protects you from fire.
   rC:        It protects you from cold.
   rCorr:     It protects you from acid and corrosion.
   Ice:       It increases the power of your Ice spells.
   Will:      It greatly increases your willpower.
   Stlth:     It makes you less stealthy.
   It falls into the 'Staves' category.
   It is a one-handed weapon.
 b - the staff "Qutoacoc" {rC+ rCorr Dex+5 Conj}
   (You found it on level 7 of the Dungeon)

   [staff of conjuration]

   Base accuracy: +5 Base damage: 5 Base attack delay: 1.2 This weapon's minimum
   attack delay (0.6) is reached at skill level 12.
   Dex:       It affects your dexterity (+5).
   rC:        It protects you from cold.
   rCorr:     It protects you from acid and corrosion.
   Conj:      It increases the power of your Conjurations spells.
   It falls into the 'Staves' category.
   It is a one-handed weapon.
Jewellery
 D - a ring of magical power (left hand)
 I - the ring "Oviaros" (right hand) {rElec rC- rCorr Int+5}
   (You acquired it on level 2 of the Orcish Mines)

   [ring of resist corrosion]

   Int:       It affects your intelligence (+5).
   rC:        It makes you vulnerable to cold.
   rElec:     It insulates you from electricity.
   rCorr:     It protects you from acid and corrosion.
 K - a ring of see invisible
 P - a ring of poison resistance
 R - an amulet of regeneration (around neck)
Talismans
 H - a serpent talisman
Wands
 r - a wand of roots (3)
 s - a wand of polymorph (6)
 u - a wand of flame (3) (quivered)
Scrolls
 h - 2 scrolls of revelation
 o - 4 scrolls of teleportation
 y - 4 scrolls of noise
 z - 4 scrolls of amnesia
 C - a scroll of fear
 E - 5 scrolls of enchant armour
 G - 14 scrolls of identify
 J - 4 scrolls of vulnerability
 L - a scroll of silence
 T - 5 scrolls of fog
 V - a scroll of brand weapon
Potions
 g - 4 potions of enlightenment
 i - 2 potions of mutation
 k - 5 potions of curing
 n - 2 potions of heal wounds
 q - 3 potions of brilliance
 v - 6 potions of lignification
 w - 5 potions of haste
 O - 5 potions of attraction
Miscellaneous
 c - a condenser vane (inert)
 l - a lightning rod (3/4)
 m - a phantom mirror
 F - a box of beasts
 U - a phial of floods (inert)


   Skills:
 - Level 10.0 Fighting
 - Level 2.1(7.9) Maces & Flails
 - Level 11.9(12.0) Staves
 - Level 6.5 Armour
 - Level 6.0 Dodging
 - Level 1.0 Stealth
 - Level 4.0 Shields
 - Level 10.0 Spellcasting
 + Level 12.9 Conjurations
 - Level 5.0 Hexes
 - Level 4.0 Translocations
 - Level 5.0 Transmutations
 - Level 12.8 Ice Magic
 - Level 15.0 Invocations
 - Level 10.0 Evocations


You had 14 spell levels left.
You knew the following spells:

 Your Spells              Type           Power      Damage    Failure   Level
a - Apportation           Tloc           74%        N/A       5%          1
e - Metabolic Englaciati  Hex/Ice        39%        N/A       17%         5
i - Irradiate             Conj/Tmut      30%        3d21      17%         5
m - Iskenderun's Mystic   Conj/Tloc      58%        2d12      9%          4
o - Ozocubu's Armour      Ice            93%        N/A       1%          3
r - Frozen Ramparts       Ice            100%       1d16      1%          3
z - Searing Ray           Conj           100%       2d8       1%          2

Your spell library contained the following spells:

 Spells                   Type           Power      Damage    Failure   Level
 Magic Dart               Conj           100%       1d8       1%          1
 Ensorcelled Hibernation  Hex/Ice        100%       N/A       1%          2
 Foxfire                  Conj/Fire      100%       2x1d9     2%          1
 Kiss of Death            Conj/Necr      100%       2d13      2%          1
 Shock                    Conj/Air       100%       1d9       2%          1
 Iskenderun's Battlesphe  Conj           73%        2d12      4%          5
 Wereblood                Tmut           42%        N/A       5%          2
 Fulminant Prism          Conj/Hex       30%        3d15      7%          4
 Confusing Touch          Hex            42%        N/A       10%         3
 Tukima's Dance           Hex            42%        N/A       10%         3
 Portal Projectile        Hex/Tloc       80%        N/A       12%         3
 Passwall                 Tmut/Erth      23%        N/A       13%         2
 Mephitic Cloud           Conj/Pois/Air  38%        N/A       13%         3
 Gell's Gravitas          Tloc           37%        N/A       14%         3
 Teleport Other           Tloc           37%        N/A       14%         3
 Flame Wave               Conj/Fire      50%        2d12      17%         4
 Sticky Flame             Conj/Fire      50%        2d7       17%         4
 Summon Ice Beast         Ice/Summ       66%        N/A       17%         4
 Necrotise                Necr           56%        1d6       24%         1
 Summon Small Mammal      Summ           56%        N/A       24%         1
 Inner Flame              Hex/Fire       28%        N/A       26%         3
 Vhi's Electric Charge    Tloc/Air       50%        N/A       30%         3
 Cause Fear               Hex            21%        N/A       30%         4
 Call Imp                 Summ           28%        N/A       34%         2
 Passage of Golubria      Tloc           37%        N/A       41%         4
 Arcjolt                  Conj/Air       25%        1d35      41%         5
 Fireball                 Conj/Fire      25%        3d11      41%         5
 Call Canine Familiar     Summ           14%        N/A       54%         3
 Swiftness                Air            14%        N/A       54%         3
 Anguish                  Hex/Necr       14%        N/A       61%         4
 Leda's Liquefaction      Hex/Erth       14%        N/A       61%         4
 Petrify                  Tmut/Erth      28%        N/A       61%         4
 Yara's Violent Unravell  Hex/Tmut       21%        3d10      61%         5
 Orb of Destruction       Conj           36%        9d11      67%         7
 Airstrike                Air            7%         2d(1-17)  90%         4
 Dispel Undead            Necr           14%        3d10      90%         4
 Conjure Ball Lightning   Conj/Air       25%        3x3d7     92%         6
 Leda's Unmaking          Conj/Erth      25%        9d5       92%         6
 Simulacrum               Ice/Necr       33%        N/A       92%         6
 Lee's Rapid Deconstruct  Erth           7%         3d6*      99%         5
 Dispersal                Tloc           18%        N/A       99%         6
 Plasma Beam              Fire/Air       7%         2x1d17    100%        6
 Enfeeble                 Hex            21%        N/A       100%        7
 Spellforged Servitor     Conj/Summ      25%        N/A       100%        7
 Chain Lightning          Conj/Air       25%        3d33      100%        9
 Fire Storm               Conj/Fire      25%        8d6       100%        9
 Shatter                  Erth           7%         3d9*      100%        9


Dungeon Overview and Level Annotations

Branches:
Dungeon (15/15)            Temple (1/1) D:5            Lair (5/5) D:10
 Shoals (4/4) Lair:2        Snake (4/4) Lair:2        Slime (0/5) Lair:4
    Orc (2/2) D:11            Elf (0/3) Orc:2        Vaults (0/5) D:14
 Depths (0/4) D:15         Bailey (visited)           IceCv (visited)

Altars:
Ashenzari
Cheibriados
Dithmenos
Elyvilon
Fedhas
Gozag
Hepliaklqana
Kikubaaqudgha
Makhleb
Nemelex Xobeh
Okawaru
Qazlal
Ru
Sif Muna
Trog
Uskayaw
Vehumet
Wu Jian
Xom
Yredelemnul
Zin
The Shining One
Jiyva

Shops:
D:6 ?   D:9 *   D:13 ?*   Orc:1 ?(   Orc:2 ((*[=   Shoals:2 *   Shoals:3 ![
Snake:1 ?

Annotations:
D:5 1 runed translucent door, Tenar's ghost, novice BaHu
D:8 3 runed translucent doors
Lair:3 exclusion: 2 oklob plants
Lair:5 Rupert
Orc:1 1 runed translucent door, Umososh's ghost, journeyman MiBe
Orc:2 2 transporters, whitenoisemaker's ghost, journeyman DrBe


Innate Abilities, Weirdness & Mutations

You have large cloven feet.
You are dopey. (Int -2)
Your system is resistant to poisons. (rPois)
Your spells are a little harder to cast, but a little more powerful.


Message History

You hear a splash. x2
Your surroundings suddenly seem different.
Splash!
You fall into the shallow water.
Moving in this stuff is going to be slow.
A merfolk comes into view. It is wielding a +0 trident.
Found two +0 spears, a barnacled rune of Zot and a manual of Spellcasting.
The water elemental closely misses you.
As you read the scroll of teleportation, it crumbles to dust.
You feel strangely unstable.
The merfolk hits you from afar with a +0 trident!
The water elemental barely misses you. You block the water elemental's attack.
The merfolk avatar chants a haunting song.
You resist with almost no effort.
A sea snake comes into view.
The water elemental attacks as you move away!
The water elemental hits you!
The wind drake exhales a fierce blast of wind!
You are knocked back by the gust of wind.
You slam into the stone wall!
The water elemental is knocked back by the gust of wind.
The merfolk hits you from afar with a +0 trident!!
* * * LOW HITPOINT WARNING * * *
The water elemental hits you.
The merfolk avatar is no longer moving slowly.
The wind drake flaps its wings at you. The air twists around and strikes you!
* * * LOW HITPOINT WARNING * * *
A merfolk impaler comes into view. It is wielding a +0 trident.
The wind drake flaps its wings at you. The air twists around and strikes you.
* * * LOW HITPOINT WARNING * * *
The merfolk hits you but does no damage.
The merfolk avatar chants a haunting song.
You resist with almost no effort.
The merfolk impaler hits you from afar with a +0 trident!
* * * LOW HITPOINT WARNING * * *
The wind drake flaps its wings at you. The air twists around and strikes you!
You die...

..........## *
..######### ..
..#8.....8# , ..##
..#...~...# , , ...
..#..~~...##..####..
..#..~~~..#...#~~..
..#..~~~..#.~.#~.m
..#.~~~~..#~~~#..#
..#.~~~~#.#~~~~.@# ~
..#.~~~~~.#~E~~~E# ~~~~
..#.~~~~~.#~#k~E.#~~#~S
..).~~~.~~k~##~mm~~~)φ)~
....~~~#~~E)##~~~~~~:~~~
..#.~~.~~~#)#m~~.#~~#~~#
..#.~~#~~.#~))~~.#~~~~~~
..#.#~~~~.#(~)~..##~~~~
..#.~~.~#.#~†~#..# ##~~#


You could see a merfolk avatar, 2 merfolk impalers, a wind drake (repels
missiles, very poisoned, catching breath), a merfolk and 3 water elementals.

Vanquished Creatures
  Jorgrun (Shoals:1)
  Frances (Lair:2)
  Aizul (Snake:3)
  9 nagarajas
  Donald (Snake:3)
  Ilsuiw (Shoals:3)
  An orc warlord (Bailey)
  The ghost of Waxy the Imperceptible, an adept SpEn of Okawaru (Shoals:2)
  5 merfolk javelineers
  A fire dragon (D:10)
  6 merfolk impalers
  Harold (Lair:2)
  A salamander tyrant (Snake:4)
  Fannar (Lair:1)
  2 hydras (D:13)
  6 two-headed ogres
  6 merfolk aquamancers
  A merfolk avatar (Shoals:2)
  2 centaur warriors (D:13)
  2 tengu warriors
  3 satyrs
  14 anacondas
  4 death yaks (Lair:4)
  13 naga warriors
  9 naga sharpshooters
  11 shock serpents
  3 skysharks
  A salamander mystic (Snake:2)
  6 sea snakes
  8 naga ritualists
  3 deep elf pyromancers
  A necromancer (D:15)
  4 harpies (Shoals:4)
  10 mana vipers
  8 orc knights
  12 fauns
  7 ugly things
  11 manticores
  2 cyclopes
  3 orc sorcerers
  6 salamanders
  4 guardian serpents
  4 merfolk sirens
  12 naga magi
  22 black mambas
  A water nymph (Shoals:4)
  2 kobold demonologists (D:12)
  5 cane toads
  An efreet (D:14)
  An unseen horror (D:13)
  A freezing wraith (D:14)
  5 rime drakes
  5 komodo dragons
  A tengu conjurer (D:13)
  3 meliai (D:13)
  30 merfolk
  7 trolls
  2 polar bears
  5 wind drakes
  7 snapping turtles
  Sigmund (D:3)
  A shadow (D:11)
  An air elemental (Shoals:4)
  6 slime creatures
  59 yaks
  A wyvern (D:9)
  11 water elementals
  A wraith (D:11)
  4 basilisks
  A golden eye (D:14)
  A steam dragon (D:10)
  6 vampire mosquitoes
  A swamp worm (D:7)
  A human zombie (D:15)
  44 nagas
  4 wargs
  An acid dragon (D:11)
  11 water moccasins
  26 orc warriors
  An ice beast (D:8)
  A black bear (D:7)
  2 sky beasts (D:8)
  An ogre (D:6)
  2 centaurs
  2 phantoms
  7 wolves
  12 bullfrogs
  2 kobold brigands
  2 gnoll sergeants (D:10)
  3 scorpions
  4 wights
  5 killer bees (D:8)
  4 electric eels
  A gnoll bouda (D:6)
  5 hounds
  16 orc priests
  A sleepcap (D:6)
  4 iguanas
  31 orc wizards
  5 ogre zombies (D:11)
  5 adders
  16 gnolls
  2 shadow imps
  12 white imps (Lair:1)
  An ufetubus (D:5)
  3 worms
  54 orcs
  8 ball pythons
  4 bats (D:1)
  6 endoplasms
  5 giant cockroaches
  22 goblins
  13 hobgoblins
  6 jackals
  2 quokkas
  4 frilled lizards
  2 goblin skeletons (D:11)
  3 goblin zombies (D:11)
  2 hobgoblin skeletons (D:11)
  A hobgoblin zombie (D:11)
  22 kobolds
  2 orc skeletons (D:11)
  10 orc zombies (D:11)
  6 rats
810 creatures vanquished.

Vanquished Creatures (collateral kills)
  A nagaraja (Snake:3)
  An entropy weaver (shapeshifter) (D:10)
  A death yak (Lair:4)
  3 orc high priests
  A spark wasp zombie (D:15)
  2 orc knights (Orc:1)
  An orc sorcerer (Orc:2)
  A merfolk siren (Shoals:3)
  A water nymph (Shoals:3)
  A kobold demonologist (D:8)
  A guardian mummy (D:15)
  A troll (Orc:2)
  2 swamp worms (D:7)
  A glowing shapeshifter zombie (D:15)
  3 orc warriors
  An ogre (Orc:1)
  A howler monkey (D:8)
  2 orc priests
  2 orc wizards
  A gnoll (Bailey)
  A worm (D:4)
  12 orcs
  A goblin (Bailey)
  A hobgoblin (Bailey)
  A kobold (D:1)
44 creatures vanquished.

Vanquished Creatures (others)
  A titan (Shoals:4)
  A merfolk javelineer (Shoals:4)
  An ogre mage (D:14)
  4 death yaks (Lair:4)
  A death knight (D:14)
  A merfolk aquamancer (Shoals:4)
  An anaconda (Snake:4)
  A two-headed ogre (D:11)
  3 orc knights
  An ugly thing (D:15)
  A manticore (shapeshifter) (D:15)
  A guardian serpent (Snake:3)
  An unseen horror (D:12)
  3 komodo dragons
  A rime drake (IceCv)
  A polar bear (IceCv)
  A troll (D:11)
  A centaur simulacrum (D:10)
  4 slime creatures (D:14)
  A shadow (D:11)
  A water elemental (Shoals:2)
  A yak (IceCv)
  A two-headed ogre zombie (D:11)
  An acid dragon (D:12)
  A water moccasin (Lair:1)
  7 orc warriors
  A black bear (D:5)
  4 orc priests
  2 orc wizards
  2 ogre zombies (D:11)
  A dart slug (D:1)
  5 orcs
  A goblin (Bailey)
  A hobgoblin zombie (D:11)
  4 orc zombies (D:11)
  A rat (D:2)
64 creatures vanquished.

Grand Total: 918 creatures vanquished

Notes
Turn   | Place    | Note
-------+----------+-------------------------------------------
     0 | D:1      | Armakuni the Human Artificer began the quest for the Orb.
     0 | D:1      | Reached XP level 1. HP: 15/15 MP: 1/1
   128 | D:1      | Reached skill level 1 in Maces & Flails
   197 | D:1      | Upgraded the game from 0.31-a0-236-g9a0961fb85 to
                  | 0.31-a0-271-gb88eb75e06
   264 | D:1      | Reached XP level 2. HP: 19/21 MP: 2/2
   562 | D:1      | Identified a scroll of acquirement
   562 | D:1      | Acquired 851 gold pieces
   615 | D:1      | Reached XP level 3. HP: 24/26 MP: 3/3
   697 | D:1      | Reached skill level 1 in Staves
  1132 | D:2      | Reached XP level 4. HP: 27/32 MP: 4/4
  1193 | D:2      | Reached skill level 5 in Fighting
  1193 | D:2      | Reached skill level 5 in Dodging
  1193 | D:2      | Reached XP level 5. HP: 46/46 MP: 5/5
  1418 | D:3      | Noticed a phantom
  1448 | D:3      | Killed a phantom
  1449 | D:3      | Reached XP level 6. HP: 41/52 MP: 6/6
  1900 | D:3      | Noticed Sigmund
  1904 | D:3      | Killed Sigmund
  1905 | D:3      | Reached XP level 7. HP: 57/57 MP: 7/7
  2755 | D:4      | Found a white marble altar of Elyvilon.
  2755 | D:4      | Found a glowing silver altar of Zin.
  2756 | D:4      | Found a glowing golden altar of the Shining One.
  2763 | D:4      | Became a worshipper of Elyvilon the Healer
  3091 | D:5      | Entered Level 5 of the Dungeon
  3446 | D:5      | Reached skill level 5 in Staves
  3666 | D:5      | Reached * piety under Elyvilon
  3666 | D:5      | Found a runed translucent door.
  3666 | D:5      | Noticed Tenar's ghost (novice BaHu)
  3774 | D:5      | Reached XP level 8. HP: 64/64 MP: 8/8
  3791 | D:5      | Noticed a troll
  3798 | D:5      | Killed a troll
  3917 | D:5      | Found a staircase to the Ecumenical Temple.
  3925 | Temple   | Entered the Ecumenical Temple
  4245 | D:6      | Noticed a yak
  4266 | D:6      | Noticed a yak
  4268 | D:6      | Noticed a yak
  4277 | D:6      | Killed a yak
  4285 | D:6      | Killed a yak
  4286 | D:6      | Reached XP level 9. HP: 46/69 MP: 9/9
  4493 | D:6      | Reached ** piety under Elyvilon
  4772 | D:6      | Found Sesk's Magic Scroll Emporium.
  4775 | D:6      | Bought a scroll of immolation for 48 gold pieces
  4775 | D:6      | Bought a scroll of noise for 12 gold pieces
  4775 | D:6      | Bought a scroll of amnesia for 48 gold pieces
  4775 | D:6      | Bought a scroll of fear for 48 gold pieces
  4775 | D:6      | Bought a scroll of identify for 24 gold pieces
  5331 | D:7      | Found a radiant altar of Vehumet.
  5348 | D:7      | Reached *** piety under Elyvilon
  5444 | D:7      | Found a flagged portal.
  5464 | Bailey   | Entered a bailey
  5619 | Bailey   | Reached XP level 10. HP: 68/76 MP: 10/10
  5727 | Bailey   | Noticed an orc warlord
  5735 | Bailey   | Killed an orc warlord
  5736 | Bailey   | Reached skill level 10 in Staves
  5846 | Bailey   | Got the Codex of the Planar Snowflakes
  5866 | Bailey   | Acquired the staff of Propriety {rF+ rC+ Will++ rCorr
                  | Stlth- Ice}
  6012 | D:7      | Found a shimmering altar of Xom.
  6012 | D:7      | Found a sparkling altar of Nemelex Xobeh.
  6016 | D:7      | Found a sacrificial altar of Ru.
  6017 | D:7      | Found a snail-covered altar of Cheibriados.
  6019 | D:7      | Found a hazy altar of Hepliaklqana.
  6019 | D:7      | Found a shimmering blue altar of Sif Muna.
  6020 | D:7      | Found a stormy altar of Qazlal.
  6022 | D:7      | Found a blossoming altar of Fedhas.
  6025 | D:7      | Found a basalt altar of Yredelemnul.
  6172 | D:7      | Reached skill level 1 in Invocations
  6177 | D:7      | Reached skill level 2 in Invocations
  6248 | D:7      | Identified the staff "Qutoacoc" {rC+ rCorr Dex+5 Conj}
  6549 | D:8      | Found a large runed translucent door.
  6549 | D:8      | Found a large runed translucent door.
  6589 | D:8      | Reached skill level 3 in Invocations
  6589 | D:8      | Acquired the scarf "Taqopn" {repulsion, Will+}
  6617 | D:8      | Noticed a brown ugly thing
  6618 | D:8      | Noticed a kobold demonologist
  6625 | D:8      | Killed a kobold demonologist
  6626 | D:8      | Reached skill level 4 in Invocations
  6630 | D:8      | Found a large runed translucent door.
  6630 | D:8      | Found a large runed translucent door.
  6645 | D:8      | Killed a brown ugly thing
  6646 | D:8      | Reached skill level 5 in Invocations
  6650 | D:8      | Identified the +7 war axe of Arbitration {distort, Str+2}
  7070 | D:8      | Found a runed translucent door.
  7074 | D:8      | Noticed a sixfirhy
  7180 | D:8      | Noticed a two-headed ogre
  7197 | D:8      | Killed a two-headed ogre
  7198 | D:8      | Reached skill level 6 in Invocations
  7198 | D:8      | Reached XP level 11. HP: 81/81 MP: 14/16
  7228 | D:8      | Noticed a six-headed hydra
  7231 | D:8      | Pacified a six-headed hydra
  7232 | D:8      | Reached skill level 7 in Invocations
  7412 | D:8      | Learned a level 1 spell: Apportation
  7482 | D:8      | Noticed a deep elf pyromancer
  7497 | D:8      | Killed a deep elf pyromancer
  7498 | D:8      | Reached skill level 8 in Invocations
  7689 | D:9      | Identified the +2 ring mail "Garaton" {MP+9}
  7776 | D:9      | Found Reacwush's Mass Market.
  7795 | D:9      | Reached **** piety under Elyvilon
  7899 | D:9      | Noticed a two-headed ogre
  7985 | D:9      | Reached skill level 9 in Invocations
  8023 | D:9      | Killed a two-headed ogre
  8266 | D:10     | Entered Level 10 of the Dungeon
  8333 | D:10     | Noticed a fire dragon
  8345 | D:10     | Killed a fire dragon
  8346 | D:10     | Reached skill level 10 in Invocations
  8458 | D:10     | Noticed a red ugly thing
  8460 | D:10     | Noticed a deep elf pyromancer
  8465 | D:10     | Killed a red ugly thing
  8468 | D:10     | Killed a deep elf pyromancer
  8469 | D:10     | Reached skill level 11 in Invocations
  8469 | D:10     | Reached XP level 12. HP: 71/87 MP: 20/20
  8470 | D:10     | Noticed an entropy weaver
  8476 | D:10     | Killed an entropy weaver
  8538 | D:10     | Reached skill level 12 in Invocations
  8658 | D:10     | Found a staircase to the Lair.
  8904 | D:10     | Noticed a two-headed ogre
  8911 | D:10     | Killed a two-headed ogre
  8991 | D:10     | Found a hide-covered altar of Uskayaw.
  9002 | D:10     | Reached skill level 13 in Invocations
  9192 | D:10     | Identified the +2 battleaxe of Cazot {holy, rPois rN+}
  9307 | D:10     | Found an iron altar of Okawaru.
  9329 | D:10     | Found a burning altar of Makhleb.
  9718 | D:11     | Found a staircase to the Orcish Mines.
  9720 | D:11     | Noticed a two-headed ogre
  9741 | D:11     | Pacified a two-headed ogre
  9766 | D:11     | Killed a two-headed ogre
 10485 | D:12     | Reached skill level 14 in Invocations
 10599 | D:12     | Noticed a two-headed ogre
 10602 | D:12     | Pacified a two-headed ogre
 11398 | Orc:1    | Entered Level 1 of the Orcish Mines
 11409 | Orc:1    | Reached skill level 15 in Invocations
 11409 | Orc:1    | Reached XP level 13. HP: 79/93 MP: 24/24
 11749 | Orc:1    | Found Morph's Magic Scroll Shop.
 11757 | Orc:1    | Bought a scroll of teleportation for 51 gold pieces
 11757 | Orc:1    | Bought a scroll of poison for 68 gold pieces
 11757 | Orc:1    | Bought a scroll of fog for 68 gold pieces
 11802 | Orc:1    | Found a runed translucent door.
 11806 | Orc:1    | Noticed Umososh's ghost (journeyman MiBe)
 11895 | Orc:1    | Found Sodog's Weapon Shoppe.
 12261 | Orc:2    | Entered Level 2 of the Orcish Mines
 12375 | Orc:2    | Found a transporter.
 12514 | Orc:2    | Reached skill level 10 in Fighting
 12621 | Orc:2    | Noticed an orc warlord
 12634 | Orc:2    | Noticed whitenoisemaker's ghost (journeyman DrBe)
 12659 | Orc:2    | Noticed an orc warlord
 12660 | Orc:2    | Found a transporter.
 12694 | Orc:2    | Found Cousoxt's Antique Weapon Boutique.
 12695 | Orc:2    | Found a staircase to the Elven Halls.
 13229 | Orc:2    | Pacified an orc warlord
 13330 | Orc:2    | Found Obredefe's General Store.
 13339 | Orc:2    | Found Zun Hehim's Antique Weapon Emporium.
 13375 | Orc:2    | Found Moewoa's Jewellery Emporium.
 13417 | Orc:2    | Found Henaimm's Antique Armour Emporium.
 13439 | Orc:2    | Bought a scroll of acquirement for 728 gold pieces
 13440 | Orc:2    | Acquired the ring "Oviaros" {rElec rC- rCorr Int+5}
 13452 | Orc:2    | Noticed a spark wasp
 13570 | Orc:2    | Noticed a great orb of eyes
 13800 | Orc:1    | Bought a scroll of teleportation for 51 gold pieces
 13875 | Lair:1   | Entered Level 1 of the Lair of Beasts
 13954 | Lair:1   | Found a frozen archway.
 13999 | IceCv    | Entered an ice cave
 14004 | IceCv    | Reached skill level 1 in Ice Magic
 14018 | IceCv    | Reached XP level 14. HP: 101/110 MP: 25/25
 14467 | Lair:1   | Reached skill level 5 in Ice Magic
 15115 | Lair:2   | Noticed Fannar
 15143 | Lair:1   | Killed Fannar
 15187 | Lair:2   | Got the Spellbook of Battle Magic
 15278 | Lair:2   | Found a staircase to the Snake Pit.
 15491 | Lair:2   | Noticed Harold
 15510 | Lair:2   | Killed Harold
 15953 | Lair:2   | Found a staircase to the Shoals.
 16245 | Lair:3   | Noticed Sonja
 16248 | Lair:3   | Pacified Sonja
 16249 | Lair:3   | Reached skill level 1 in Shields
 16476 | Lair:3   | Learned a level 2 spell: Searing Ray
 17177 | Lair:3   | Found a burning altar of Makhleb.
 17455 | Lair:4   | Reached XP level 15. HP: 98/115 MP: 26/26
 17482 | Lair:4   | Found a viscous altar of Jiyva.
 17482 | Lair:4   | Found a staircase to the Slime Pits.
 18213 | Lair:5   | Entered Level 5 of the Lair of Beasts
 18213 | Lair:5   | Noticed Rupert
 18674 | D:13     | Found Hyere's General Store.
 18682 | D:13     | Bought a +1 buckler of reflection for 202 gold pieces
 18699 | D:13     | Bought a lightning rod (4/4) for 450 gold pieces
 18699 | D:13     | Bought a scroll of immolation for 60 gold pieces
 18699 | D:13     | Bought a scroll of teleportation for 45 gold pieces
 18722 | D:13     | Found Deostrule's Magic Scroll Shop.
 18726 | D:13     | Bought a scroll of blinking for 75 gold pieces
 18925 | D:13     | Reached skill level 10 in Evocations
 19025 | D:13     | Reached skill level 10 in Ice Magic
 19030 | D:13     | Learned a level 3 spell: Frozen Ramparts
 19036 | D:13     | Learned a level 5 spell: Metabolic Englaciation
 19037 | D:13     | Upgraded the game from 0.31-a0-271-gb88eb75e06 to
                  | 0.31-a0-345-g1ebeae05c6
 19350 | D:14     | Noticed Nessos
 19351 | D:14     | Nessos changed into Nessos the golden eye
 19351 | D:14     | Noticed Nessos
 19355 | D:14     | Killed Nessos the golden eye
 19473 | D:14     | Reached skill level 1 in Conjurations
 19487 | D:14     | Reached skill level 1 in Spellcasting
 19548 | D:14     | Reached ***** piety under Elyvilon
 19789 | D:15     | Entered Level 15 of the Dungeon
 20110 | D:15     | Learned a level 4 spell: Iskenderun's Mystic Blast
 20181 | D:15     | Found a staircase to the Depths.
 20333 | D:14     | Reached skill level 5 in Conjurations
 20387 | D:14     | Found a gate to the Vaults.
 20852 | Shoals:1 | Entered Level 1 of the Shoals
 20853 | Shoals:1 | Noticed Jorgrun
 20884 | Shoals:1 | Killed Jorgrun
 20923 | Shoals:1 | Noticed Frances
 20940 | Shoals:1 | Gained mutation: You are occasionally teleported next to
                  | monsters. [a neqoxec]
 20954 | Lair:2   | Killed Frances
 21006 | Shoals:1 | Lost mutation: You are occasionally teleported next to
                  | monsters. [potion of mutation]
 21006 | Shoals:1 | Gained mutation: You have sharp fingernails. [potion of
                  | mutation]
 21006 | Shoals:1 | Gained mutation: You passively map a small area around you.
                  | [potion of mutation]
 21165 | Shoals:1 | Reached XP level 16. HP: 29/122 MP: 27/27
 21696 | Shoals:2 | Found Weypoxko's General Store.
 21710 | Shoals:2 | Bought a ring of poison resistance for 260 gold pieces
 21958 | Snake:1  | Entered Level 1 of the Snake Pit
 22710 | Snake:1  | Found Yntosaub's Magic Scroll Shop.
 22730 | Snake:1  | Reached skill level 10 in Conjurations
 22748 | Snake:1  | Bought a scroll of blinking for 105 gold pieces
 22748 | Snake:1  | Bought a scroll of amnesia for 56 gold pieces
 23039 | Snake:2  | Reached skill level 1 in Hexes
 23048 | Snake:2  | Reached skill level 1 in Translocations
 23921 | Snake:3  | Noticed Aizul
 23938 | Snake:3  | Killed Aizul
 23957 | Snake:3  | Noticed a nagaraja
 23992 | Snake:3  | Killed a nagaraja
 24065 | Snake:3  | Noticed a nagaraja
 24071 | Snake:3  | Noticed a nagaraja
 24106 | Snake:3  | Killed a nagaraja
 24266 | Snake:3  | Noticed a nagaraja
 24527 | Snake:3  | Noticed Donald
 24539 | Snake:3  | Killed Donald
 24584 | Snake:3  | Noticed a nagaraja
 24610 | Snake:2  | Killed a nagaraja
 24692 | Snake:3  | Reached skill level 5 in Spellcasting
 24768 | Snake:3  | Killed a nagaraja
 24859 | Snake:3  | Reached XP level 17. HP: 128/128 MP: 28/28
 25926 | Snake:4  | Entered Level 4 of the Snake Pit
 26728 | Snake:4  | Learned a level 5 spell: Irradiate
 27164 | Snake:4  | Reached skill level 5 in Hexes
 27859 | Snake:4  | Identified the +2 robe of Pragmatism {rElec rF+ rN+}
 28488 | Snake:4  | Reached XP level 18. HP: 76/134 MP: 30/30
 28565 | Snake:4  | Got a serpentine rune of Zot
 29320 | Shoals:2 | Reached skill level 10 in Spellcasting
 29425 | Shoals:2 | Reached skill level 1 in Transmutations
 29505 | Shoals:2 | You fall into a shaft and drop 1 floor!
 29648 | Shoals:3 | Elyvilon protects you from harm!
 29667 | Shoals:4 | Entered Level 4 of the Shoals
 29667 | Shoals:4 | Found a stormy altar of Qazlal.
 29885 | Shoals:3 | Found Qayhytis's Antique Armour Shoppe.
 29893 | Shoals:3 | Bought a polished ring mail for 279 gold pieces
 29893 | Shoals:3 | Identified the +4 ring mail "Cyqeotur" {rC- rCorr Int+6}
                  | (You bought it in a shop on level 3 of the Shoals)
 29913 | Shoals:3 | Found Ecritzes's Distillery.
 29915 | Shoals:3 | Noticed Ilsuiw
 30424 | Shoals:2 | Reached skill level 5 in Transmutations
 30569 | Shoals:2 | Found a large runed translucent door.
 30570 | Shoals:2 | Found a large runed translucent door.
 30620 | Shoals:2 | Noticed Waxy's ghost (adept SpEn)
 30648 | Shoals:2 | Killed Waxy's ghost
 30652 | Shoals:2 | Gained mutation: Your magical capacity is low. (-10% MP)
                  | [mutagenic glow]
 30670 | Shoals:2 | Gained mutation: You occasionally lose the ability to read
                  | scrolls when taking damage. [mutagenic glow]
 30788 | Shoals:2 | Lost mutation: You occasionally lose the ability to read
                  | scrolls when taking damage. [potion of mutation]
 30788 | Shoals:2 | Lost mutation: Your magical capacity is low. (-10% MP)
                  | [potion of mutation]
 30788 | Shoals:2 | Gained mutation: You are dopey. (Int -2) [potion of
                  | mutation]
 30788 | Shoals:2 | Gained mutation: You have large cloven feet. [potion of
                  | mutation]
 30789 | Shoals:2 | Lost mutation: You passively map a small area around you.
                  | [potion of mutation]
 30789 | Shoals:2 | Lost mutation: You have large cloven feet. [potion of
                  | mutation]
 30789 | Shoals:2 | Gained mutation: You have large cloven feet. [potion of
                  | mutation]
 30789 | Shoals:2 | Lost mutation: You have sharp fingernails. [potion of
                  | mutation]
 30789 | Shoals:2 | Gained mutation: Your spells are a little harder to cast,
                  | but a little more powerful. [potion of mutation]
 30789 | Shoals:2 | Gained mutation: Your system is resistant to poisons.
                  | (rPois) [potion of mutation]
 30862 | Shoals:3 | Killed Ilsuiw
 31528 | Shoals:4 | Paralysed by an air elemental for 1 turns
 31666 | Shoals:4 | Learned a level 3 spell: Ozocubu's Armour
 31898 | Shoals:4 | Noticed a titan
 31903 | Shoals:4 | Identified the +1 leather armour of Fedhas's Reproof {Fly
                  | rPois}
 31906 | Shoals:4 | Pacified a titan
 31916 | Shoals:4 | Killed a titan
 31918 | Shoals:4 | Identified the +4 broad axe of False Hope {elec, rF+ rN+}
 31918 | Shoals:4 | Identified the amulet "Daluph" {Faith rC+}
 31926 | Shoals:4 | Identified the +7 ice dragon scales of Gozag's Envy {Harm
                  | Rampage rF- rC++ Dex+3 Slay-5}
 31942 | Shoals:4 | Killed from afar by a wind drake

Illustrated notes

Levels and vault maps discovered:
D:1:      scummos_arrival_gate, layout_loops_ring
D:2:      layout_rooms
D:3:      layout_loops_ring, hex_medium, uniq_sigmund
D:4:      layout_basic, good_gods_temple_1
D:5:      layout_loops_ring, minmay_temple_entry_proselytizer,
          portal_sewer_entry_e, gammafunk_ghost_grave,
          ebering_dispersal_statue_hall, minmay_joined_circles
D:6:      layout_basic, serial_shops, nicolae_shop_rolled_up
D:7:      layout_basic, mainiacjoe_overflow_tiny_flanked,
          nicolae_overflow_hallway_of_the_gods, enter_bailey_3, st_stairs_6,
          worms_lemuel
D:8:      cheibrodos_shockbox, layout_loops_ring, minmay_hollow_rounded_squares
D:9:      layout_cave_pools, minmay_shop_mass
D:10:     minmay_the_grid_net [minmay_the_grid_holed_spiral,
          minmay_the_grid_aliased_spiral, minmay_the_grid_dragon_b,
          minmay_the_grid_armoury, minmay_the_grid_all_tris,
          minmay_the_grid_prize_trominoes], layout_irregular_city,
          eat_drink_and_be_merry_uskayaw, minitemple
D:11:     layout_basic, zombieorc2_lemuel
D:12:     layout_long_grid, minmay_increasing_density
D:13:     layout_irregular_city, serial_shops, shop, nicolae_square_shop
D:14:     layout_small_grid, david_vaults_2, serial_bayou_pond_c, drop_trap,
          uniq_nessos
D:15:     gammafunk_depths_entry_grave, layout_long_grid, minmay_splitting_lines
Temple:   nicolae_temple_ecumenical_triangle
Lair:1:   layout_roguey, portal_ice_cave_entry_imps, beast_lair_carwin_11
Lair:2:   layout_big_grid, minmay_shoals_entry_hut, guppyfry_snake_entry_garden,
          minivault_24, uniq_harold, uniq_fannar
Lair:3:   layout_cave_pods, lemuel_oklob_altar, serial_bayou_shore_a, uniq_sonja
Lair:4:   layout_gridlike, nicolae_slime_entry_slimehenge
Lair:5:   grunt_lair_end_beastmaster, layout_loops_ring, uniq_rupert
Shoals:1: layout_shoals, uniq_jorgrun, uniq_frances
Shoals:2: layout_shoals, serial_shops, nicolae_shop_trees,
          ebering_ghost_disaster_area
Shoals:3: layout_shoals, serial_shops, nicolae_shop_hallway_stairs,
          nicolae_shop_tiny_statue_garden, uniq_ilsuiw
Shoals:4: shoals_end_hellmonk_storm_palace [storm_palace_center_square,
          storm_palace_corner_pillars, storm_palace_corner_altar,
          storm_palace_corner_reverse_hut, storm_palace_corner_altar]
Snake:1:  layout_onion_interference, serial_shops, shop
Snake:2:  layout_misc_corridors
Snake:3:  nicolae_aizul_guard, layout_cave_pods, drop_trap, uniq_donald
Snake:4:  grunt_snake_rune_serpentine_throne, layout_cave_town
Orc:1:    layout_caves, ebering_ghost_reflecting_pool, serial_shops,
          shop_statue, guppyfry_orc_lava_fort
Orc:2:    grunt_orc_cross, layout_diamond_mine, gammafunk_ghost_abyssal_escape,
          serial_shops, shop, nicolae_orc_lost_temple

Skill      XL: |  1  2  3  4  5  6  7  8  9 10 11 12 13 14 15 16 17 18 |
---------------+-------------------------------------------------------+-----
Maces & Flails | 1 2 |  2.1
Staves         | 2 3 4 5 7 9 10 11 | 11.9
Fighting       | 5 10 | 10.0
Armour         | 6 |  6.5
Dodging        | 5 6 |  6.0
Evocations     | 6 8 10 | 10.0
Invocations    | 6 11 15 | 15.0
Ice Magic      | 1 8 10 12 | 12.8
Shields        | 3 4 |  4.0
Conjurations   | 7 10 12 | 12.9
Spellcasting   | 1 5 8 10 | 10.0
Hexes          | 4 5 |  5.0
Translocations | 4 |  4.0
Transmutations | 5 |  5.0
Stealth        | |  1.0

Action                     |  1- 3 |  4- 6 |  7- 9 | 10-12 | 13-15 | 16-18 || total
---------------------------+-------+-------+-------+-------+-------+-------++-------
  Melee: Club              |    51 |       |       |       |       |       ||    51
         Rapier            |    66 |   103 |       |       |       |       ||   169
         Punch             |     3 |     1 |       |       |       |       ||     4
         Quarterstaff      |       |     6 |   293 |   468 |   491 |       ||  1258
         Staff             |       |       |       |       |   583 |  1216 ||  1799
  Throw: Throwing net      |       |       |       |       |     4 |       ||     4
   Cast: Frozen Ramparts   |       |       |       |       |    22 |   101 ||   123
         Metabolic Englaci |       |       |       |       |       |    26 ||    26
         Apportation       |       |       |       |       |       |     7 ||     7
         Irradiate         |       |       |       |       |       |     9 ||     9
         Iskenderun's Myst |       |       |       |       |       |     6 ||     6
         Ozocubu's Armour  |       |       |       |       |       |     6 ||     6
 Invoke: Purification      |       |       |       |     5 |     8 |     2 ||    15
         Heal Other        |       |       |       |     6 |    38 |    16 ||    60
         Heal Self         |       |       |       |     7 |    15 |    21 ||    43
  Evoke: Wand              |     7 |     3 |     9 |    33 |    98 |    28 ||   178
         Phantom mirror    |       |       |       |     2 |     4 |     2 ||     8
         Phial of floods   |       |       |       |       |     4 |     2 ||     6
         Condenser vane    |       |       |       |       |     3 |     4 ||     7
         Lightning rod     |       |       |       |       |     8 |    11 ||    19
         Box of beasts     |       |       |       |       |     1 |     2 ||     3
    Use: Scroll            |     3 |     3 |    13 |    18 |    21 |    22 ||    80
         Potion            |       |     1 |       |     3 |     9 |    12 ||    25
   Stab: Sleeping          |     2 |       |       |       |     2 |       ||     4
         Held in net/web   |       |       |       |       |     1 |       ||     1
         Confused          |       |       |       |       |     2 |       ||     2
 Armour: Leather armour    |    44 |    25 |       |       |       |       ||    69
         Ring mail         |       |    16 |   131 |   224 |   445 |   269 ||  1085
  Dodge: Dodged            |   101 |    65 |   207 |   365 |   680 |   500 ||  1918
         Repelled          |       |       |       |     3 |    16 |    56 ||    75
  Block: Buckler           |       |       |       |       |   114 |   336 ||   450
         Reflection        |       |       |       |       |     4 |    47 ||    51

Table legend: (Time is in decaauts)
 A = Elapsed time spent in this place.
 B = Non-inter-level travel time spent in this place.
 C = Inter-level travel time spent in this place.
 D = Time resting spent in this place.
 E = Time spent auto-exploring this place.
 F = Levels seen in this place.
 G = Mean time per level.
                   A        B        C        D        E       F      G
               +--------+--------+--------+--------+--------+-----+--------+
         Total |  31755 |  29840 |   1915 |   4907 |  15785 |  33 |  962.3 |
       Dungeon |  13530 |  12741 |    789 |    847 |   8293 |  15 |  902.0 |
        Temple |     27 |     26 |      1 |      0 |     20 |   1 |   27.0 |
          Lair |   4257 |   3805 |    452 |    556 |   2092 |   5 |  851.4 |
        Shoals |   4263 |   4049 |    214 |   1398 |   1266 |   4 | 1065.8 |
     Snake Pit |   6468 |   6162 |    306 |   1653 |   2855 |   4 | 1617.0 |
  Orcish Mines |   2389 |   2238 |    151 |    299 |    973 |   2 | 1194.5 |
        Bailey |    445 |    445 |      0 |     82 |    108 |   1 |  445.0 |
      Ice Cave |    374 |    374 |      0 |     70 |    177 |   1 |  374.0 |
               +--------+--------+--------+--------+--------+-----+--------+

Top non-repeatable levels by time:
 Snake:4: 2567 daAuts
 Snake:3: 1760 daAuts
Shoals:1: 1445 daAuts
Shoals:2: 1398 daAuts
   Orc:2: 1383 daAuts
  Lair:3: 1235 daAuts
    D:10: 1192 daAuts
    D:11: 1186 daAuts
  Lair:1: 1171 daAuts
 Snake:2: 1129 daAuts
     D:5: 1094 daAuts
     D:7: 1042 daAuts
     D:8: 1041 daAuts
 Snake:1: 1010 daAuts
   Orc:1: 1006 daAuts
